 Dungeon Crawl Stone Soup version 0.31-a0-210-gccc998df9b (webtiles) character file.

Game seed: 391830341472799190

359 Klosterheim the Firebug (level 6, -1/58 (61) HPs)
             Began as a Demonspawn Fire Elementalist on June 30, 2023.
             Slain by an orc wizard
             ... wielding a +0 dagger
              (2 damage)
             ... on level 4 of the Dungeon.
             The game lasted 00:08:14 (4917 turns).

Klosterheim the Firebug (DsFE)                      Turns: 4917, Time: 00:08:15

HP:   -1/58 (61)    AC:  3    Str:  9    XL:     6   Next: 37%
MP:   17/20         EV: 12    Int: 21    God:
Gold: 198           SH:  0    Dex: 15    Spells: 8/11 levels left

rFire   . . .        n - +1 short sword of Dried Tears {drain, MP+9 Int+3}
rCold   . . .        (no shield)
rNeg    . . .        a - +1 robe
rPois   .            (no helmet)
rElec   .            (no cloak)
rCorr   .            (no gloves)
SInv    .            (no boots)
Will    .....        (no amulet) Stlth
                     (no ring)
HPRegen 0.29/turn    (no ring)
MPRegen 0.17/turn

%: no passive effects
@: berserking, lightly drained, very quick
A: thin skeletal structure 1, foul stench 1, powered by death 2
a: no special abilities


You were on level 4 of the Dungeon.
You visited 1 branch of the dungeon, and saw 4 of its levels.

You collected 198 gold pieces.

Inventory:

Hand Weapons
 n - the +1 short sword of Dried Tears (weapon) {drain, MP+9 Int+3}
   (You found it on level 3 of the Dungeon)

   Int:       It affects your intelligence (+3).
   MP:        It affects your magic capacity (+9).
Armour
 a - a +1 robe (worn)
Jewellery
 i - a +5 ring of evasion
 u - a ring of resist corrosion
Scrolls
 c - a scroll of acquirement {unknown}
 d - a scroll of enchant armour
 e - 4 scrolls of revelation
 j - a scroll of amnesia {unknown}
 k - a scroll of vulnerability {unknown}
 l - a scroll of noise
 m - a scroll of identify
 q - a scroll of immolation {unknown}
 v - 2 scrolls of teleportation {unknown}
 w - a scroll of poison {unknown}
Potions
 b - a potion of magic
 f - a potion of mutation {unknown}
 h - a potion of heal wounds {unknown}
 o - a potion of cancellation {unknown}
 p - a potion of curing {unknown}
 r - a potion of invisibility {unknown}
 s - a potion of haste {unknown}
 t - a potion of brilliance {unknown}


   Skills:
 - Level 2.0 Dodging
 - Level 2.0 Stealth
 + Level 3.4 Spellcasting
 - Level 1.0 Conjurations
 + Level 5.8 Fire Magic


You had 8 spell levels left.
You knew the following spells:

 Your Spells              Type           Power      Damage    Failure   Level
a - Scorch                Fire           56%        2d7       1%          2
b - Foxfire               Conj/Fire      68%        2x1d7     3%          1

Your spell library contained the following spells:

 Spells                   Type           Power      Damage    Failure   Level
 Inner Flame              Hex/Fire       15%        N/A       12%         3
 Volatile Blastmotes      Fire/Tloc      30%        2d12      12%         3
 Sublimation of Blood     Necr           3%         N/A       19%         2
 Stone Arrow              Conj/Erth      10%        3d7       30%         3
 Flame Wave               Conj/Fire      17%        2d7       30%         4
 Animate Armour           Summ/Erth      6%         N/A       77%         4
 Petrify                  Tmut/Erth      3%         N/A       77%         4
 Irradiate                Conj/Tmut      2%         3d12      96%         5
 Lehudib's Crystal Spear  Conj/Erth      2%         10d2      100%        8


Dungeon Overview and Level Annotations

Branches:
Dungeon (4/15)
 Temple: D:4-7

Altars:
Ru

Shops:
D:3 *


Innate Abilities, Weirdness & Mutations

You have a somewhat thin skeletal structure. (Dex +2, Stealth+)
You may rarely emit foul miasma when damaged in melee.
You regenerate health from kills.


Message History

The orc priest is no longer more vulnerable to fire.
The sleepcap releases spores at you.
You wake up.
* * * LOW HITPOINT WARNING * * *
You are engulfed in a cloud of soporific spores!
You are unaffected.
Unknown command.
As you read the scroll labelled TAV OFFATHOOD, it crumbles to dust.
You hear a loud clanging noise!
It was a scroll of noise.
The sleepcap releases spores at you but does no damage.
As you read the scroll labelled NUL UTEFYOGE, it crumbles to dust.
It is a scroll of identify.
g - a potion of berserk rage The sleepcap completely misses you.
A red film seems to cover your vision as you go berserk!
You feel yourself moving faster!
You feel mighty! The sleepcap barely misses you.
You puncture the sleepcap! You drain the sleepcap.
The sleepcap is severely damaged.
You puncture the sleepcap!
You destroy the sleepcap!
You hit the orc priest.
The orc priest is almost dead.
The orc priest barely misses you.
You puncture the orc priest!
You kill the orc priest!
Something hits you.
* * * LOW HITPOINT WARNING * * *
The orc hits you with a +2 whip of draining.
* * * LOW HITPOINT WARNING * * *
You feel drained.
* * * LOW HITPOINT WARNING * * *
Things that are here:
a +0 club; a +0 scale mail You closely miss something.
Something hits you.
* * * LOW HITPOINT WARNING * * *
The orc closely misses you.
You miss something. You hit something. Something hits you.
You die...

***,,** #......##...####**,******
**** #......#..###..,,,,,,,,,*
#......#.####.####.**##,* *
#........####.#.....,.#,# *
*###....(.#####.#.##.##.#.# *
#.........#####.#.#...#.#.*
#......#..o##......._....,,
******#........#{o..#.#.#...#.#,*
,,,,,.......$###@####.#.##.##.#,*
......#......###.####.#.......#,*
......#......###.####)####.####.#
......#......###.####...........#
......#......###..########.######
......#.#########.#######..#
........#########.#######.##
.......#####.....>#######.#
.......#.....##########...#


You could see 2 orcs.

Vanquished Creatures
  A black bear (D:4)
  An orc priest (D:4)
  A sleepcap (D:4)
  An iguana (D:4)
  7 gnolls
  6 adders
  A worm (D:4)
  3 dart slugs
  2 orcs (D:3)
  5 bats
  7 endoplasms
  4 giant cockroaches
  4 hobgoblins
  2 jackals (D:3)
  7 kobolds
  2 quokkas (D:1)
  7 ball pythons
  A frilled lizard (D:2)
  4 rats
66 creatures vanquished.

Vanquished Creatures (others)
  214 foxfires
214 creatures vanquished.

Grand Total: 280 creatures vanquished

Notes
Turn   | Place    | Note
-------+----------+-------------------------------------------
     0 | D:1      | Klosterheim the Demonspawn Fire Elementalist began the
                  | quest for the Orb.
     0 | D:1      | Reached XP level 1. HP: 13/13 MP: 3/3
   571 | D:1      | Reached skill level 3 in Fire Magic
   628 | D:1      | Gained mutation: You have a somewhat thin skeletal
                  | structure. (Dex +2, Stealth+) [demonic ancestry]
   628 | D:1      | Reached XP level 2. HP: 19/19 MP: 0/5
  2351 | D:2      | Gained mutation: You may rarely emit foul miasma when
                  | damaged in melee. [demonic ancestry]
  2351 | D:2      | Reached XP level 3. HP: 24/24 MP: 2/6
  2543 | D:2      | Reached skill level 4 in Fire Magic
  3168 | D:3      | Gained mutation: You regenerate a little health from kills.
                  | [demonic ancestry]
  3168 | D:3      | Reached XP level 4. HP: 13/30 MP: 3/7
  3269 | D:3      | Identified the +1 short sword of Dried Tears {drain, MP+9
                  | Int+3}
  3363 | D:3      | Learned a level 2 spell: Scorch
  4000 | D:3      | Found Zin's Purification Station.
  4115 | D:3      | Reached skill level 5 in Fire Magic
  4161 | D:3      | Gained mutation: You regenerate health from kills. [demonic
                  | ancestry]
  4161 | D:3      | Reached XP level 5. HP: 13/35 MP: 8/8
  4587 | D:4      | Noticed a black bear
  4594 | D:4      | Killed a black bear
  4664 | D:4      | Reached XP level 6. HP: 41/41 MP: 10/10
  4822 | D:4      | Found a sacrificial altar of Ru.
  4914 | D:4      | HP: 2/58 [orc/+2 whip of draining (2)]
  4917 | D:4      | Slain by an orc wizard

Illustrated notes

Levels and vault maps discovered:
D:1:      dpeg_arrival_radiant, layout_basic, nrook_mini_backslash,
          grunt_decor_resistance
D:2:      layout_basic
D:3:      layout_loops_ring, zin_purify
D:4:      black_bear_nest_2, layout_rooms, mainiacjoe_overflow_tiny_flanked,
          nicolae_ru_sacrificial_ziggurat

Skill      XL: |  1  2  3  4  5 |
---------------+----------------+-----
Dodging        | 2 |  2.0
Stealth        | 2 |  2.0
Fire Magic     | 3 4 5 |  5.8
Spellcasting   | 3 |  3.4
Conjurations   | |  1.0

Action                     |  1- 3 |  4- 6 || total
---------------------------+-------+-------++-------
  Melee: Unarmed           |     5 |       ||     5
         Short sword       |       |    16 ||    16
   Cast: Foxfire           |   126 |    11 ||   137
         Scorch            |       |    44 ||    44
    Use: Scroll            |       |     4 ||     4
         Potion            |       |     1 ||     1
 Armour: Robe              |     3 |     6 ||     9
  Dodge: Dodged            |    13 |    38 ||    51

Table legend: (Time is in decaauts)
 A = Elapsed time spent in this place.
 B = Non-inter-level travel time spent in this place.
 C = Inter-level travel time spent in this place.
 D = Time resting spent in this place.
 E = Time spent auto-exploring this place.
 F = Levels seen in this place.
 G = Mean time per level.
                   A        B        C        D        E       F      G
               +--------+--------+--------+--------+--------+-----+--------+
         Total |   4914 |   4719 |    195 |    644 |   3395 |   4 | 1228.5 |
       Dungeon |   4914 |   4719 |    195 |    644 |   3395 |   4 | 1228.5 |
               +--------+--------+--------+--------+--------+-----+--------+

Top non-repeatable levels by time:
     D:1: 1929 daAuts
     D:2: 1376 daAuts
     D:3: 1281 daAuts
     D:4: 327 daAuts
